 Dungeon Crawl Stone Soup version 0.31-a0-354-g827e0957a7 (webtiles) character file.

Game seed: 4750981594808493606

2482 Bnni the Mimic (level 9, -1/67 HPs)
             Began as an Octopode Shapeshifter on July 24, 2023.
             Was an Initiate of Gozag.
             Slain by an orc warrior
             ... wielding a +0 war axe
              (13 damage)
             ... in a bailey.
             The game lasted 00:11:00 (8063 turns).

Bnni the Mimic (Octopode Shapeshifter)              Turns: 8063, Time: 00:11:01

Health: -1/67      AC:  9    Str: 19    XL:     9   Next: 51%
Magic:  18/18      EV: 10    Int: 10    God:    Gozag
Gold:   287        SH:  0    Dex: 17    Spells: 8/8 levels left

rFire   . . .        l - melded +3 short sword (venom)
rCold   . . .        d - melded +0 kite shield
rNeg    . . .        (helmet currently unavailable)
rPois   .            b - amulet of the acrobat
rElec   .            p - ring of wizardry
rCorr   .            r - ring of magical power
SInv    .            C - ring of flight
Will    .....        (no ring)
Stlth   ++           (no ring)
HPRegen 0.31/turn    (no ring)
MPRegen 0.16/turn    (no ring)
                     (no ring)

%: acrobat, wizardry (x1)
@: snake-form, gold aura, flying
A: constrict, almost no armour, amphibious, 8 rings, large, (camouflage 1),
(gelatinous body 1), (nimble swimmer 1), (tentacles)
a: Begin Untransformation, Renounce Religion, Potion Petition, Call Merchant,
Bribe Branch


You were in a bailey.
You worshipped Gozag.
Gozag was aware of your devotion.
You were an enormous anaconda.
You visited 2 branches of the dungeon, and saw 8 of its levels.
You also visited: Bailey.

You collected 483 gold pieces.
You spent 97 gold pieces at shops.
You paid 99 gold pieces to Gozag.

Inventory:

Hand Weapons
 l - a +3 short sword of venom (melded)
Missiles
 k - 12 poisoned darts
 o - 4 curare-tipped darts
 y - 3 throwing nets
Armour
 d - a +0 kite shield (melded)
Jewellery
 b - an amulet of the acrobat (around neck)
 p - a ring of wizardry (left tentacle)
 r - a ring of magical power (right tentacle)
 C - a ring of flight (on tentacle)
Talismans
 v - a serpent talisman
Scrolls
 e - a scroll of blinking
 f - 4 scrolls of enchant armour {unknown}
 h - a scroll of acquirement {unknown}
 i - 2 scrolls of silence {unknown}
 j - a scroll of teleportation
 q - 3 scrolls of enchant weapon
 s - 2 scrolls of summoning {unknown}
 w - a scroll of amnesia {unknown}
 A - a scroll of fog {unknown}
 D - a scroll of vulnerability {unknown}
Potions
 a - 3 potions of lignification
 c - 3 potions of curing
 g - a potion of cancellation
 m - a potion of mutation
 t - 4 potions of enlightenment
 u - a potion of resistance
 x - a potion of degeneration {unknown}
 z - a potion of invisibility {unknown}
 B - a potion of ambrosia
Miscellaneous
 n - a lightning rod (4/4)


   Skills:
 + Level 6.2 Fighting
 + Level 2.5 Dodging
 + Level 6.9 Unarmed Combat
 * Level 8.0 Shapeshifting


You had 8 spell levels left.
You didn't know any spells.
Your spell library contained the following spells:

 Spells                   Type           Power      Damage    Failure   Level
 Ensorcelled Hibernation  Hex/Ice        0%         N/A       22%         2
 Passwall                 Tmut/Erth      0%         N/A       22%         2
 Poisonous Vapours        Pois/Air       0%         N/A       22%         2
 Dazzling Flash           Conj/Hex       0%         N/A       41%         3
 Mephitic Cloud           Conj/Pois/Air  0%         N/A       41%         3
 Swiftness                Air            0%         N/A       41%         3
 Agony                    Necr           0%         N/A       98%         5
 Freezing Cloud           Conj/Ice/Air   0%         6-21      98%         5
 Silence                  Hex/Air        0%         N/A       98%         5


Dungeon Overview and Level Annotations

Branches:
Dungeon (7/15)             Temple (1/1) D:6          Bailey (1/1)

Altars:
Ashenzari
Cheibriados
Dithmenos
Elyvilon
Fedhas
Gozag
Hepliaklqana
Makhleb
Nemelex Xobeh
Okawaru
Qazlal
Ru
Uskayaw
Vehumet
Wu Jian
Yredelemnul
Zin
The Shining One

Shops:
D:2 ?   D:6 (:


Innate Abilities, Weirdness & Mutations

You are an enormous anaconda.
You have a powerful constriction melee attack.
Your armour is entirely melded.
You are incapable of wielding weapons or throwing items.
You cannot wear most types of armour.
You are amphibious.
You can wear up to eight rings at the same time.
((Your skin changes colour to match your surroundings (Stealth+).))
((Your rubbery body absorbs attacks. (AC +1, EV +1)))
((You are camouflaged when in or above water. (Stealth+)))
((You have tentacles for arms and can constrict up to eight enemies at once.))


Message History

Your +3 short sword of venom stops dripping with poison.
Unknown command.
You closely miss the gnoll. Your grab misses the gnoll.
The gnoll is heavily wounded.
The gnoll looks more healthy.
The orc warrior hits you with a +0 war axe.
The gnoll hits you with a +0 hand axe.
The orc shouts!
You lash the gnoll!
You kill the gnoll!
The orc warrior hits you with a +0 war axe!
You lash the orc warrior! You grab the orc warrior.
The orc warrior is moderately wounded.
You constrict the orc warrior. The orc barely misses you.
An orc warrior comes into view. It is wielding a +0 war axe.
The orc warrior hits you with a +0 war axe!
The goblin shouts!
You hit the orc warrior but do no damage.
The orc warrior is moderately wounded.
You constrict the orc warrior, but do no damage.
The orc barely misses you.
The orc warrior hits you with a +0 war axe.
You release your grip on the orc warrior.
The orc attacks as you move away! The orc closely misses you.
The orc warrior misses you.
You barely miss the orc warrior. Your grab misses the orc warrior.
The orc warrior is moderately wounded.
The orc closely misses you.
The orc warrior hits you with a +0 war axe!
* * * LOW HITPOINT WARNING * * *
You lash the orc!
You kill the orc!
The orc warrior hits you with a +0 war axe!
* * * LOW HITPOINT WARNING * * *
You lash the orc warrior! You grab the orc warrior.
The orc warrior is heavily wounded.
You constrict the orc warrior.
The orc warrior hits you with a +0 war axe!
You die...
Your body crumbles into a pile of gold.

##)####
##.))..##
#.......#
##.......##
#.........#
##.........##
#.....⌠.....#
##.........## 8
#.......S.# ...
##.....$o##.(..o
#......$g..go..
##.....##o.....
####### ....⌠.
..... ..... ....
.


You could see 2 orc warriors and a goblin.

Vanquished Creatures
  Menkaure (D:5)
  A water moccasin (D:6)
  4 orc warriors
  An ogre (D:4)
  2 centaurs
  2 kobold brigands
  Blork the orc (D:6)
  3 scorpions (D:6)
  A jelly (D:4)
  2 gnoll boudas
  7 orc priests
  6 hounds
  4 iguanas
  5 orc wizards
  18 adders
  13 gnolls
  3 shadow imps (D:6)
  3 white imps (D:6)
  An ufetubus (D:4)
  A worm (D:5)
  7 dart slugs
  27 orcs
  12 ball pythons
  16 endoplasms
  5 giant cockroaches
  14 goblins
  17 hobgoblins
  5 jackals
  6 quokkas
  4 bats
  7 frilled lizards
  12 kobolds
  7 rats
218 creatures vanquished.

Notes
Turn   | Place    | Note
-------+----------+-------------------------------------------
     0 | D:1      | Bnni the Octopode Shapeshifter began the quest for the Orb.
     0 | D:1      | Reached XP level 1. HP: 13/13 MP: 1/1
   232 | D:1      | Reached XP level 2. HP: 17/18 MP: 2/2
   404 | D:1      | Reached XP level 3. HP: 21/23 MP: 3/3
  1219 | D:2      | Found Qaph's Magic Scroll Boutique.
  1226 | D:2      | Reached XP level 4. HP: 23/29 MP: 4/4
  1649 | D:2      | Reached skill level 4 in Shapeshifting
  2451 | D:3      | Reached XP level 5. HP: 35/35 MP: 5/5
  2812 | D:2      | Bought a scroll of blinking for 97 gold pieces
  3221 | D:4      | Reached XP level 6. HP: 25/41 MP: 6/6
  3780 | D:4      | Reached skill level 5 in Shapeshifting
  4082 | D:4      | Reached XP level 7. HP: 39/46 MP: 7/7
  4299 | D:4      | Reached skill level 5 in Unarmed Combat
  5126 | D:5      | Entered Level 5 of the Dungeon
  5202 | D:5      | Found an iron altar of Okawaru.
  5420 | D:5      | Reached skill level 6 in Shapeshifting
  5420 | D:5      | Reached XP level 8. HP: 43/54 MP: 8/8
  5816 | D:5      | Noticed Menkaure
  5821 | D:5      | Killed Menkaure
  6494 | D:6      | Reached skill level 5 in Fighting
  6510 | D:6      | Found Beciap's Weapon Shop.
  6574 | D:6      | Reached skill level 7 in Shapeshifting
  6602 | D:6      | Found Hasak's Book Emporium.
  6725 | D:6      | Noticed Blork the orc
  6732 | D:6      | Killed Blork the orc
  6743 | D:6      | Reached XP level 9. HP: 26/61 MP: 9/9
  6936 | D:6      | Found a hide-covered altar of Uskayaw.
  7051 | D:6      | Found a staircase to the Ecumenical Temple.
  7061 | Temple   | Entered the Ecumenical Temple
  7068 | Temple   | Became a worshipper of Gozag Ym Sagoz the Greedy
  7080 | D:6      | Found a broken altar of Ashenzari.
  7585 | D:7      | Found a flagged portal.
  7735 | Bailey   | Entered a bailey
  7897 | Bailey   | Reached skill level 8 in Shapeshifting
  8063 | Bailey   | Slain by an orc warrior

Illustrated notes

Levels and vault maps discovered:
D:1:      heliophobic_arrival_ceremonial_halls, layout_basic,
          chequers_serial_rivers_small_a, grunt_decor_clamped,
          serial_bayou_ford_a, st_stairs_10, palyth_stone_intersect
D:2:      minmay_general_purpose_star, layout_basic, serial_shops, shop,
          lexackson_kobold_supper
D:3:      kennysheep_big_flooded_room, layout_loops_corners
D:4:      minmay_clustersquares, layout_layer_cave, grunt_ministairs_7,
          nicolae_half_adder
D:5:      layout_gridville, amcnicky_altar_gilded, uniq_menkaure
D:6:      layout_loops_ring, cheibrodos_ashenzari_chains,
          eat_drink_and_be_merry_uskayaw, temple_green, serial_shops,
          nicolae_shop_bloodbath_and_beyond, shop, minmay_increasing_density,
          uniq_blork_the_orc
D:7:      kb_forest_paths, layout_rooms, enter_bailey_5,
          biasface_ghost_orc_armoury
Temple:   nicolae_temple_no_exploring_needed
Bailey:   bailey_axe_minmay_hex_keep, bailey

Skill      XL: |  1  2  3  4  5  6  7  8  9 |
---------------+----------------------------+-----
Fighting       | 2 3 4 5 6 |  6.2
Shapeshifting  | 4 5 6 7 8 |  8.0
Unarmed Combat | 4 5 6 |  6.9
Dodging        | |  2.5

Action                     |  1- 3 |  4- 6 |  7- 9 || total
---------------------------+-------+-------+-------++-------
  Melee: Unarmed           |    45 |       |   185 ||   230
         Constrict         |    20 |    43 |    56 ||   119
         Tentacles         |    13 |    26 |    10 ||    49
         Dagger            |    30 |    14 |       ||    44
         Punch             |     1 |     2 |     2 ||     5
         Short sword       |       |   128 |    45 ||   173
  Throw: Dart              |       |       |     2 ||     2
Ability: Begin Untransform |       |       |     1 ||     1
    Use: Scroll            |       |     8 |     2 ||    10
         Potion            |       |     3 |     1 ||     4
   Stab: Sleeping          |     5 |    15 |     1 ||    21
         Distracted        |       |       |     1 ||     1
 Armour: Skin              |     8 |    41 |    68 ||   117
  Dodge: Dodged            |    51 |    64 |   107 ||   222
  Block: Buckler           |       |    20 |       ||    20
         Kite shield       |       |     2 |    22 ||    24
   Form: Anaconda          |       |       |     2 ||     2

Table legend: (Time is in decaauts)
 A = Elapsed time spent in this place.
 B = Non-inter-level travel time spent in this place.
 C = Inter-level travel time spent in this place.
 D = Time resting spent in this place.
 E = Time spent auto-exploring this place.
 F = Levels seen in this place.
 G = Mean time per level.
                   A        B        C        D        E       F      G
               +--------+--------+--------+--------+--------+-----+--------+
         Total |   8055 |   7731 |    324 |   1156 |   5226 |   9 |  895.0 |
       Dungeon |   7717 |   7399 |    318 |    956 |   5226 |   7 | 1102.4 |
        Temple |     14 |      8 |      6 |      0 |      0 |   1 |   14.0 |
        Bailey |    323 |    323 |      0 |    200 |      0 |   1 |  323.0 |
               +--------+--------+--------+--------+--------+-----+--------+

Top non-repeatable levels by time:
     D:4: 2187 daAuts
     D:5: 1359 daAuts
     D:1: 1076 daAuts
     D:6: 1073 daAuts
     D:3: 1071 daAuts
     D:2: 802 daAuts
  Bailey: 323 daAuts
     D:7: 146 daAuts
  Temple: 14 daAuts
